 Dungeon Crawl Stone Soup version 0.28.0-53-g5a82cb258f (webtiles) character file.

Game seed: 4173476613794150076

173 Peloso the Covered (level 5, 0/47 HPs)
             Began as a Minotaur Fighter on Aug 17, 2022.
             Succumbed to an orc wizard's poison
             ... on level 2 of the Dungeon.
             The game lasted 00:03:12 (1523 turns).

Peloso the Covered (Minotaur Fighter)               Turns: 1523, Time: 00:03:13

Health: 0/47       AC:  9    Str: 20    XL:     5   Next: 28%
Magic:  4/4        EV:  9    Int:  5    God:
Gold:   101        SH:  5    Dex: 12    Spells: 4/4 levels left

rFire   . . .      SeeInvis .   a - +1 falchion (holy)
rCold   . . .      Faith    .   c - +0 buckler
rNeg    . . .      Spirit   .   n - +0 scale mail
rPois   .          Reflect  .   (helmet restricted)
rElec   .          Harm     .   (no cloak)
rCorr   .          Rampage  .   g - +0 pair of gloves
Will    .....                   j - +0 pair of boots
Stlth   ..........              (no amulet)
HPRegen 0.15/turn               (no ring)
MPRegen 0.09/turn               (no ring)

@: lethally poisoned (0 -> -11)
A: horns 2, retaliatory headbutt
a: no special abilities


You were on level 2 of the Dungeon.
You visited 1 branch of the dungeon, and saw 3 of its levels.

You collected 101 gold pieces.

Inventory:

Hand Weapons
 a - a +1 falchion of holy wrath (weapon)
 b - a +0 long sword
Armour
 c - a +0 buckler (worn)
 g - a +0 pair of gloves (worn)
 j - a +0 pair of boots (worn)
 n - a +0 scale mail (worn)
Scrolls
 h - a scroll of summoning
 l - 3 scrolls of enchant weapon {unknown}
 m - a scroll of amnesia {unknown}
Potions
 d - a potion of might
 f - 3 potions of resistance {unknown}
 k - a potion of degeneration {unknown}


   Skills:
 + Level 4.4 Fighting
 + Level 4.1 Long Blades
 + Level 4.8 Armour
 + Level 1.2 Dodging
 + Level 4.5 Shields


You had 4 spell levels left.
You didn't know any spells.
Your spell library was empty.

Dungeon Overview and Level Annotations

Branches:
Dungeon (3/15)

Altars:
Fedhas
The Shining One


Innate Abilities, Weirdness & Mutations

You have a pair of horns on your head.
You reflexively headbutt those who attack you in melee.


Message History

You feel sick.
There is a stone staircase leading up here.
You feel sick. Something hits you but does no damage.
You are lethally poisoned!
You climb upwards.
Reactivating autopickup.
* * * LOW HITPOINT WARNING * * *
You feel very sick.
There is a stone staircase leading down here.
You feel much better.
You feel sick. Something hits you but does no damage.
Deactivating autopickup; reactivate with Ctrl-A.
You closely miss something.
You feel sick. Something hits you but does no damage.
You barely miss something. Your headbutt misses something.
You feel sick. Something hits you but does no damage.
You are more poisoned.
You miss something.
You feel very sick.
You hear some strange, mumbled words.
Something tries to affect you, but you resist.
You barely miss something. Your headbutt misses something.
You feel sick. Something hits you but does no damage.
You are more poisoned.
You closely miss something. You headbutt something.
You feel very sick. Something hits you.
* * * LOW HITPOINT WARNING * * *
Something hits you.
* * * LOW HITPOINT WARNING * * *
You are more poisoned.
You barely miss something. You headbutt something.
* * * LOW HITPOINT WARNING * * *
You feel very sick. You block something's attack.
You slash something!
Reactivating autopickup.
You feel a bit more experienced.
* * * LOW HITPOINT WARNING * * *
You feel very sick.
You die...

#.....#.#...#.....#####.#.#####
#.........#.#..#..##....#.....#
#.......#.#.##.#..##.########.#
#.......)...#.....##..........#
#.#.........##...###.##########
#.##.............#............#
#.###......#####.#............#
#.#####....#####>#............#
####..##...#...#@#............#
##†..†÷##..#..##.#............#
##†...#.##....................#
.#†...##.#.##..........########
.##÷####.#.##..........#
..#####..#.##..........#
#....#..################
##.....## ####.##


There were no monsters in sight!

Vanquished Creatures
  A scorpion (D:3)
  Jessica (D:2)
  An orc wizard (D:2)
  An adder (D:2)
  A dart slug (D:1)
  An orc (D:3)
  5 ball pythons
  5 endoplasms
  A giant cockroach (D:3)
  9 goblins
  4 hobgoblins
  5 kobolds
  3 quokkas (D:1)
  4 bats
  3 frilled lizards
  3 rats (D:1)
48 creatures vanquished.

Notes
Turn   | Place    | Note
-------+----------+-------------------------------------------
     0 | D:1      | Peloso the Minotaur Fighter began the quest for the Orb.
     0 | D:1      | Reached XP level 1. HP: 19/19 MP: 0/0
   132 | D:1      | Reached XP level 2. HP: 21/27 MP: 1/1
   416 | D:1      | Reached XP level 3. HP: 26/33 MP: 2/2
   818 | D:2      | Found a faded altar of an unknown god.
  1126 | D:2      | Noticed Jessica
  1128 | D:2      | Found a blossoming altar of Fedhas.
  1135 | D:2      | Killed Jessica
  1136 | D:2      | Reached XP level 4. HP: 40/40 MP: 3/3
  1320 | D:3      | Noticed a scorpion
  1327 | D:3      | Killed a scorpion
  1328 | D:3      | Reached skill level 1 in Dodging
  1328 | D:3      | Reached XP level 5. HP: 46/47 MP: 4/4
  1456 | D:3      | Found a glowing golden altar of the Shining One.
  1523 | D:2      | Succumbed to an orc wizard's poison

Illustrated notes

Levels and vault maps discovered:
D:1:      psy_arrival_spokes, layout_rooms
D:2:      layout_basic, basic_altar, basic_ecumenical_altar, serial_park_tiny_2,
          serial_park_tiny_2, grunt_ministairs_3,
          wander_ebering_terrifying_dragon_lair, uniq_jessica
D:3:      layout_basic, tso_metal_star

Skill      XL: |  1  2  3  4  5 |
---------------+----------------+-----
Shields        | 4 |  4.5
Fighting       | 4 |  4.4
Armour         | 4 |  4.8
Long Blades    | 3 4 |  4.1
Dodging        | 1 |  1.2

Action                   |  1- 3 |  4- 6 || total
-------------------------+-------+-------++-------
Melee: Long sword        |    73 |       ||    73
       Headbutt          |    10 |     5 ||    15
       Falchion          |     7 |    32 ||    39
  Use: Potion            |     1 |     2 ||     3
       Scroll            |       |     3 ||     3
Armor: Scale mail        |    58 |    18 ||    76
Dodge: Dodged            |    53 |     9 ||    62
Block: Buckler           |    33 |     9 ||    42
